 Dungeon Crawl Stone Soup version 0.18-a0-1551-g40744a8 (webtiles) character file.

240 Ratboiler the Gouger (level 5, -17/22 HPs)
             Began as a Felid Wanderer on Mar 11, 2016.
             Was an Initiate of Trog.
             Killed from afar by Erica (32 damage)
             ... with a bolt of poison
             ... on level 8 of the Dungeon.
             The game lasted 00:20:53 (7947 turns).

Ratboiler the Gouger (Felid Wanderer)               Turns: 7947, Time: 00:20:53

Health: -17/22     AC:  2    Str: 12    XL:     5   Next: 79%
Magic:  6/6        EV: 15    Int: 12    God:    Trog [......]
Gold:   319        SH:  0    Dex: 17    Spells: 0 memorised, 4 levels left
                                        Lives:  0   Deaths: 1

rFire  . . .     SeeInvis +       - Unarmed
rCold  . . .     Gourm    .     (armour unavailable)
rNeg   . . .     Faith    .     (shield unavailable)
rPois  .         Spirit   .     (helmet unavailable)
rElec  .         Dismiss  .     (cloak unavailable)
rCorr  .         Reflect  .     (gloves unavailable)
SustAt .         Harm     .     (boots unavailable)
MR     .....                    (no amulet)
Stlth  ++++......               (no ring)
                                e - +2 ring of strength

@: lethally poisoned (-17 -> -38), quick, not resistant to hostile enchantments,
stealthy
A: no armour, no weapons or thrown items, claws 1, fangs 3, see invisible,
carnivore 3, speed 1, shaggy fur 2, slow metabolism 1, sharp paws
a: Burn Spellbooks, Renounce Religion


You were on level 8 of the Dungeon.
You worshipped Trog.
Trog was noncommittal.
You were not hungry.

You visited 2 branches of the dungeon, and saw 8 of its levels.

You collected 319 gold pieces.

Inventory:

Jewellery
 e - a +2 ring of strength (left paw)
Wands
 a - a wand of polymorph (1/24)
 l - a wand of flame (1/48)
Scrolls
 b - a scroll of fear {unknown}
 d - 2 scrolls of teleportation
 g - 5 scrolls of remove curse
 k - 2 scrolls of random uselessness {unknown}
 p - a scroll of blinking {unknown}
Potions
 c - a potion of lignification
 m - a potion of ambrosia {unknown}
 n - 3 potions of curing
Comestibles
 f - 4 meat rations
 i - a royal jelly
 j - 2 beef jerkies


   Skills:
 - Level 2.0 Fighting
 + Level 6.4 Stealth
 + Level 8.0 Unarmed Combat
 - Level 1.1 Evocations


You had 4 spell levels left.
You didn't know any spells.

Dungeon Overview and Level Annotations

Branches:
Dungeon (6/15)             Temple (1/1) D:5

Altars:
Ashenzari
Cheibriados
Dithmenos
Elyvilon
Gozag
Kikubaaqudgha
Makhleb
Pakellas
Ru
Trog
Vehumet
Xom
Yredelemnul

Annotations:
D:3 Ratboiler's ghost, weakling FeWn
D:4 Azzok's ghost, novice MiFi; Grinder
D:8 Erica


Innate Abilities, Weirdness & Mutations

You cannot wear armour.
You are incapable of wielding weapons or throwing items.
You have sharp claws.
You have razor-sharp teeth.
You have supernaturally acute eyesight.
You are carnivorous and can eat meat at any time.
You cover ground quickly.
You are covered in thick fur (AC +2).
You have a slow metabolism.
Your sharp claws are effective at attacking unaware monsters.


Message History

You claw the giant frog zombie!
The giant frog zombie closely misses you.
The giant frog zombie hits you.
You claw the giant frog zombie! The giant frog zombie hits you.
You claw the giant frog zombie! The giant frog zombie hits you.
You are too injured to fight recklessly!
You are too injured to fight recklessly!
You claw the giant frog zombie!
You destroy the giant frog zombie!
Your Unarmed Combat skill increases to level 8!
You start resting.
Found a robe and 17 sling bullets.
An ogre comes into view. It is wielding a giant club.
Found a shield.
You see here 17 sling bullets.
Erica gestures at you while chanting. The bolt of poison hits you!
You are lethally poisoned!
Ouch! That really hurt!
You die...

.#########.##
...#........####
...#.###.......# ##
......[....#...# #.#
...#.#...(###..##.# ##
...#.#...## ##..@###.#
####.###......###..##.#.#
#)...........#.#...###.#
#.##..#.###@....@..###.##
#@# @.#. ##.......###...#
#†# .....##.......# #...#
#.# #.#..##.......# #...#
#.###.............# ##.##
#........##.......# #.#
########.##.......# #.#
##...##.......# #.#
#.......####### #.#


You could see Erica.

Vanquished Creatures
  A scorpion (D:4)
  2 giant frog zombies (D:8)
  A hound (D:5)
  A worker ant (D:5)
  Robin (D:2)
  9 adders
  2 oozes
  A worm (D:4)
  4 dart slugs
  2 giant geckos
  14 orcs
  3 giant cockroaches
  12 hobgoblins
  8 jackals
  9 kobolds
  3 quokkas
  3 ball pythons
  9 bats
  A giant cockroach zombie (D:5)
  A giant gecko skeleton (D:4)
  4 giant newts
  12 goblins
  10 rats
113 creatures vanquished.

Notes
Turn   | Place    | Note
--------------------------------------------------------------
     0 | D:1      | Ratboiler the Felid Wanderer began the quest for the Orb.
     0 | D:1      | Ratboiler set off with: a potion of berserk rage, a potion of heal wounds, a potion of lignification, a scroll of teleportation, a meat ration
     0 | D:1      | Reached XP level 1. HP: 9/9 MP: 2/2
   268 | D:1      | Reached XP level 2. HP: 13/13 MP: 3/3
  1066 | D:2      | Noticed Robin
  1317 | D:2      | Reached XP level 3. HP: 16/16 MP: 4/4
  2550 | D:3      | Reached XP level 4. HP: 17/19 MP: 5/5
  2794 | D:3      | Found a basalt altar of Yredelemnul.
  2794 | D:3      | Found an oddly glowing altar of Pakellas.
  3315 | D:2      | Killed Robin
  3315 | D:2      | Reached skill level 7 in Unarmed Combat
  3626 | D:3      | Found a white marble altar of Elyvilon.
  3742 | D:3      | Reached XP level 5. HP: 22/22 MP: 6/6
  3984 | D:3      | Found a sacrificial altar of Ru.
  4077 | D:4      | Found a burning altar of Makhleb.
  4077 | D:4      | Noticed a balrug
  5028 | D:4      | Noticed Azzok's ghost (novice MiFi)
  5055 | D:4      | Found a bloodstained altar of Trog.
  5056 | D:4      | Found a radiant altar of Vehumet.
  5059 | D:4      | Became a worshipper of Trog the Wrathful
  5096 | D:4      | Noticed Grinder
  5287 | D:5      | Entered Level 5 of the Dungeon
  5359 | D:5      | Found a staircase to the Ecumenical Temple.
  5440 | D:5      | Reached skill level 5 in Stealth
  5729 | Temple   | Entered the Ecumenical Temple
  6653 | D:5      | Noticed a sky beast
  6683 | D:4      | Gained mutation: You are covered in thick fur (AC +2). [Felid growth]
  6683 | D:4      | Reached XP level 6. HP: 26/26 MP: 7/7
  7564 | D:3      | Noticed Ratboiler's ghost (weakling FeWn)
  7732 | D:5      | You fall through a shaft for 3 floors!
  7732 | D:8      | Noticed Erica
  7755 | D:8      | Killed from afar by Erica
  7756 | D:8      | Reached XP level 5. HP: -3/22 MP: 6/6
  7915 | D:8      | Reached skill level 8 in Unarmed Combat
  7941 | D:8      | Noticed an ogre
  7947 | D:8      | Killed from afar by Erica

Vault maps used:
D:1:      tarquinn_simple_flora_water_f
D:2:      minmay_door_square, uniq_robin
D:3:      elyvilon_altar_5, nicolae_overflow_hidden_temple,
          gammafunk_temple_overflow_elements
D:4:      makhleb_altar_promises_db, minitemple, first_bread, uniq_grinder
D:5:      temple_green
D:6:      nicolae_qazlal_style_of_elements, tso_oasis_becter,
          old_standard_altar, nemelex_deck, hangedman_decor_opposing,
          serial_park_tiny_1
D:8:      zin_purify, serial_shops, shop, kennysheep_little_box, shop,
          uniq_maurice, uniq_grum, uniq_erica
Temple:   nicolae_temple_no_exploring_needed

Skill      XL: |  1  2  3  4  5  6 |
---------------+-------------------+-----
Stealth        | 2 3 4 5 6 |  6.4
Unarmed Combat | 7 8 |  8.0
Fighting       | |  2.0
Evocations     | |  1.1

Action                   |  1- 3 |  4- 6 || total
-------------------------+-------+-------++-------
Melee: Unarmed           |    75 |   192 ||   267
Evoke: Wand              |     1 |    10 ||    11
  Use: Scroll            |       |     7 ||     7
       Potion            |       |     5 ||     5
 Stab: Sleeping          |    13 |     7 ||    20
       Distracted        |       |     1 ||     1
  Eat: Chunk             |     9 |    11 ||    20
